 Dungeon Crawl Stone Soup version 0.29-a0-648-g6b26cc9f40 (webtiles) character file.

Game seed: 1005575334259215181

13051 wingedge the Cruncher (level 11, -17/105 HPs)
             Began as a Minotaur Berserker on June 20, 2022.
             Was an Elder of Trog.
             Demolished by a death yak (20 damage)
             ... on level 9 of the Dungeon.
             The game lasted 00:29:53 (8418 turns).

wingedge the Cruncher (Minotaur Berserker)          Turns: 8418, Time: 00:29:54

Health: -17/105    AC: 12    Str: 25    XL:     11   Next: 70%
Magic:  10/10      EV: 15    Int:  8    God:    Trog [****..]
Gold:   616        SH:  0    Dex: 13    Spells: 10/10 levels left

rFire   + . .      SeeInvis .   u - +6 quarterstaff of the Sandy God {vorpal, rF+ Will+ Dex+2}
rCold   + . .      Faith    .   (shield currently unavailable)
rNeg    . . .      Spirit   .   I - +2 scale mail {rC+}
rPois   +          Reflect  .   (helmet unavailable)
rElec   .          Harm     .   J - +1 cloak
rCorr   .          Rampage  .   O - +0 pair of gloves
Will    ++...                   (no boots)
Stlth   ..........              o - amulet of regeneration
HPRegen 1.07/turn               F - ring of poison resistance
MPRegen 0.12/turn               v - +6 ring of intelligence

@: on berserk cooldown, slowed, unable to read, very slow
A: horns 3, retaliatory headbutt, dopey 1, strong-willed 1, inability to read
while threatened
a: Renounce Religion, Berserk, Trog's Hand, Brothers in Arms


You were on level 9 of the Dungeon.
You worshipped Trog.
Trog was greatly pleased with you.
You visited 1 branch of the dungeon, and saw 9 of its levels.

You collected 616 gold pieces.

Inventory:

Hand Weapons
 u - the +6 quarterstaff of the Sandy God (weapon) {vorpal, rF+ Will+ Dex+2}
   (You found it on level 3 of the Dungeon)

   It inflicts extra damage upon your enemies.
   Dex:       It affects your dexterity (+2).
   rF:        It protects you from fire.
   Will:      It increases your willpower.
 B - a +1 shortbow
 C - a +1 flail of holy wrath
Missiles
 c - 30 poisoned darts
 m - 15 boomerangs (quivered)
 D - 2 curare-tipped darts
Armour
 h - the +1 ring mail of Limited Liability {rF+}
   (You found it on level 2 of the Dungeon)

   rF:        It protects you from fire.
 j - +0 steam dragon scales
 G - the +1 robe of Jigsaw {rElec rPois Dex+3 SInv}
   (You found it on level 7 of the Dungeon)

   Dex:       It affects your dexterity (+3).
   rElec:     It insulates you from electricity.
   rPois:     It protects you from poison.
   SInv:      It lets you see invisible.
 I - a +2 scale mail of cold resistance (worn)
 J - a +1 cloak (worn)
 L - a +2 kite shield
 M - +0 acid dragon scales
 N - an orb of mayhem
 O - a +0 pair of gloves (worn)
Jewellery
 o - an amulet of regeneration (around neck)
 t - a +6 ring of dexterity
 v - a +6 ring of intelligence (right hand)
 F - a ring of poison resistance (left hand)
Wands
 a - a wand of paralysis (5)
 K - a wand of acid (5)
 P - a wand of iceblast (7)
Scrolls
 d - 3 scrolls of enchant armour {unknown}
 f - a scroll of blinking
 g - a scroll of brand weapon {unknown}
 k - a scroll of summoning
 n - a scroll of vulnerability {unknown}
 p - 2 scrolls of magic mapping
 s - a scroll of fear {unknown}
 w - a scroll of immolation {unknown}
 x - 4 scrolls of fog
 y - 2 scrolls of poison {unknown}
 H - 2 scrolls of teleportation {unknown}
Potions
 e - a potion of ambrosia
 i - 2 potions of curing
 l - 3 potions of flight
 q - 4 potions of degeneration {unknown}
 r - 2 potions of lignification {unknown}
 z - a potion of haste {unknown}
 A - 4 potions of might {unknown}
 E - a potion of cancellation {unknown}
 Q - 2 potions of resistance {unknown}


   Skills:
 + Level 12.4 Fighting
 - Level 5.4 Axes
 * Level 12.6 Staves
 - Level 3.0 Throwing
 - Level 5.0 Armour
 + Level 11.1 Dodging
 + Level 3.1 Evocations


You had 10 spell levels left.
You didn't know any spells.
Your spell library was empty.

Dungeon Overview and Level Annotations

Branches:
Dungeon (9/15)             Temple (0/1) D:6            Lair (0/6) D:9
    Orc: D:9-12

Altars:
Dithmenos
Nemelex Xobeh
Okawaru
Ru
Trog
Xom
Yredelemnul
The Shining One

Annotations:
D:6 1 runed translucent door


Innate Abilities, Weirdness & Mutations

You have a pair of large horns on your head.
You reflexively headbutt those who attack you in melee.
You are dopey. (Int -2)
You are strong-willed. (Will+)
You sometimes lose the ability to read scrolls when taking damage.


Message History

The death yak gores you but does no damage.
The killer bee barely misses you.
The wizard casts a spell.
The wizard blinks!
The death yak gores you!!
* * * LOW HITPOINT WARNING * * *
The death yak gores you.
* * * LOW HITPOINT WARNING * * *
You feel much better.
The killer bee stings you but does no damage.
The killer bee stings you.
You are poisoned.
The killer bee poisons you! The death yak gores you.
* * * LOW HITPOINT WARNING * * *
The death yak gores you!!
* * * LOW HITPOINT WARNING * * *
The killer bee stings you but does no damage.
You feel better.
The killer bee stings you but does no damage.
The killer bee closely misses you. The death yak barely misses you.
The death yak gores you but does no damage.
The killer bee barely misses you. The death yak misses you.
The death yak gores you!
* * * LOW HITPOINT WARNING * * *
An orc wizard comes into view. It is wielding a +0 dagger.
Your ogre goes berserk!
The orc wizard shouts!
The killer bee stings you but does no damage.
The killer bee barely misses you.
The wizard gestures wildly while chanting.
The wizard flickers and vanishes!
Deactivating autopickup; reactivate with Ctrl-A.
The death yak gores you.
* * * LOW HITPOINT WARNING * * *
The death yak gores you but does no damage.
The killer bee completely misses you.
You fail to use your ability.
The killer bee barely misses you.
The killer bee stings you but does no damage.
Your ogre hits the death yak with a +0 giant spiked club!!!
The death yak gores you!!
You die...

# ##..# ###.#
#.## ##..## #..
.#... ##..## ##.
...... #..## #
...... ##.#######
......##........#
....)..#........#
.....{Y#y.......#
.>...TY@........#
...#.O##........#
#.. #........#
#o. #.........
... #........# ..
########## .


You could see 2 death yaks, a troll, a killer bee, an orc wizard and a friendly
ogre (summoned, berserk).

Vanquished Creatures
  2 two-headed ogres
  5 death yaks (D:9)
  An ugly thing (D:9)
  Maurice (D:9)
  A gargoyle (D:7)
  An unseen horror (D:9)
  2 kobold demonologists (D:9)
  A troll (D:9)
  A slime creature (D:7)
  A wraith (D:7)
  12 yaks
  A vampire mosquito (D:7)
  A steam dragon (D:7)
  2 acid dragons (D:8)
  2 water moccasins (D:7)
  An orc warrior (D:7)
  2 black bears (D:7)
  5 ice beasts
  2 ogres
  4 centaurs
  A phantom (D:5)
  5 kobold brigands
  7 bullfrogs
  3 gnoll sergeants
  3 scorpions
  2 necrophages (D:8)
  2 wights (D:7)
  5 killer bees (D:6)
  2 bullfrog zombies (D:7)
  3 jellies
  6 orc priests
  4 hounds
  13 orc wizards
  4 iguanas
  4 killer bee zombies (D:7)
  A howler monkey zombie (D:7)
  7 adders
  14 gnolls
  A shadow imp (D:7)
  6 white imps
  2 ufetubi
  A worm (D:3)
  The ghost of DocClef the Sneak, a weakling DrDe (D:6)
  A dart slug (D:2)
  29 orcs
  7 ball pythons
  6 endoplasms
  2 giant cockroaches (D:2)
  5 goblins
  10 hobgoblins
  4 jackals (D:4)
  3 quokkas
  4 bats
  5 frilled lizards
  19 kobolds
  6 rats
246 creatures vanquished.

Vanquished Creatures (collateral kills)
  A kobold brigand (D:9)
  2 kobolds (D:9)
3 creatures vanquished.

Vanquished Creatures (others)
  22 plants
22 creatures vanquished.

Grand Total: 271 creatures vanquished

Notes
Turn   | Place    | Note
-------+----------+-------------------------------------------
     0 | D:1      | wingedge the Minotaur Berserker began the quest for the
                  | Orb.
     0 | D:1      | Reached XP level 1. HP: 19/19 MP: 0/0
   224 | D:1      | Reached XP level 2. HP: 24/27 MP: 1/1
  1603 | D:2      | Reached XP level 3. HP: 33/33 MP: 2/2
  2209 | D:1      | Gained mutation: Armour fits poorly on your strangely
                  | shaped body. [potion of mutation]
  2209 | D:1      | Gained mutation: You passively dampen the noise of your
                  | surroundings. [potion of mutation]
  2210 | D:1      | Lost mutation: You passively dampen the noise of your
                  | surroundings. [potion of mutation]
  2210 | D:1      | Lost mutation: Armour fits poorly on your strangely shaped
                  | body. [potion of mutation]
  2210 | D:1      | Gained mutation: You have hidden genetic defects. [potion
                  | of mutation]
  2210 | D:1      | Gained mutation: Your system is resistant to poisons.
                  | (rPois) [potion of mutation]
  2210 | D:1      | Gained mutation: Your muscles are strong. (Str +4,
                  | Int/Dex-1) [potion of mutation]
  2221 | D:2      | Reached XP level 4. HP: 31/40 MP: 3/3
  2230 | D:2      | Gained mutation: Armour fits poorly on your strangely
                  | shaped body. [hidden defects]
  2301 | D:2      | Reached ** piety under Trog
  2412 | D:2      | Identified the +1 ring mail of Limited Liability {rF+}
  2502 | D:3      | Reached skill level 1 in Throwing
  2513 | D:3      | Reached skill level 5 in Axes
  2513 | D:3      | Gained mutation: Potions are less effective at restoring
                  | your health. [hidden defects]
  2513 | D:3      | Lost mutation: You have hidden genetic defects. [hidden
                  | defects expressed]
  2631 | D:3      | Reached XP level 5. HP: 38/47 MP: 4/4
  3135 | D:3      | Found a faded altar of an unknown god.
  3136 | D:3      | Identified the +6 quarterstaff of the Sandy God {vorpal,
                  | rF+ Will+ Dex+2}
  3378 | D:3      | Reached skill level 1 in Staves
  3378 | D:3      | Reached XP level 6. HP: 53/53 MP: 5/5
  3691 | D:4      | Reached skill level 5 in Fighting
  3718 | D:4      | Found a shimmering altar of Xom.
  3718 | D:4      | Found a bloodstained altar of Trog.
  3719 | D:4      | Found an iron altar of Okawaru.
  3927 | D:4      | Found a sacrificial altar of Ru.
  3935 | D:4      | Found a shadowy altar of Dithmenos.
  4077 | D:5      | Entered Level 5 of the Dungeon
  4083 | D:5      | Reached XP level 7. HP: 49/61 MP: 6/6
  4371 | D:5      | Reached *** piety under Trog
  4390 | D:5      | Reached skill level 5 in Armour
  4529 | D:5      | Reached XP level 8. HP: 67/70 MP: 7/7
  4618 | D:5      | Reached skill level 5 in Dodging
  4666 | D:6      | Reached skill level 5 in Staves
  4694 | D:6      | Lost mutation: Your system is resistant to poisons. (rPois)
                  | [potion of mutation]
  4694 | D:6      | Lost mutation: Armour fits poorly on your strangely shaped
                  | body. [potion of mutation]
  4694 | D:6      | Lost mutation: Your muscles are strong. (Str +4, Int/Dex-1)
                  | [potion of mutation]
  4694 | D:6      | Gained mutation: You are strong-willed. (Will+) [potion of
                  | mutation]
  4694 | D:6      | Gained mutation: Armour fits poorly on your strangely
                  | shaped body. [potion of mutation]
  4694 | D:6      | Gained mutation: You have large cloven feet. [potion of
                  | mutation]
  5270 | D:6      | Found a sparkling altar of Nemelex Xobeh.
  5325 | D:6      | Reached XP level 9. HP: 48/81 MP: 8/8
  5685 | D:6      | Found a runed translucent door.
  5690 | D:6      | Noticed DocClef's ghost (weakling DrDe)
  5700 | D:6      | Killed DocClef's ghost
  5705 | D:6      | Found a runed translucent door.
  5841 | D:6      | Found a staircase to the Ecumenical Temple.
  6461 | D:7      | Reached **** piety under Trog
  6493 | D:7      | Identified the +1 robe of Jigsaw {rElec rPois Dex+3 SInv}
  6598 | D:7      | Reached XP level 10. HP: 80/93 MP: 9/9
  6703 | D:7      | Reached skill level 10 in Fighting
  6914 | D:7      | Found a glowing golden altar of the Shining One.
  6914 | D:7      | Noticed a two-headed ogre
  6920 | D:7      | Killed a two-headed ogre
  6940 | D:7      | Reached skill level 10 in Staves
  7031 | D:7      | Found a basalt altar of Yredelemnul.
  7129 | D:7      | Noticed a gargoyle
  7139 | D:7      | Killed a gargoyle
  7626 | D:8      | Reached skill level 10 in Dodging
  7879 | D:9      | Noticed Maurice
  7893 | D:9      | Killed Maurice
  7894 | D:9      | Reached XP level 11. HP: 97/103 MP: 10/10
  8008 | D:9      | Noticed a brown ugly thing
  8020 | D:9      | Lost mutation: Potions are less effective at restoring your
                  | health. [potion of mutation]
  8020 | D:9      | Lost mutation: You have large cloven feet. [potion of
                  | mutation]
  8020 | D:9      | Lost mutation: Armour fits poorly on your strangely shaped
                  | body. [potion of mutation]
  8020 | D:9      | Gained mutation: You have a pair of large horns on your
                  | head. [potion of mutation]
  8020 | D:9      | Gained mutation: You are dopey. (Int -2) [potion of
                  | mutation]
  8020 | D:9      | Gained mutation: You sometimes lose the ability to read
                  | scrolls when taking damage. [potion of mutation]
  8098 | D:9      | Reached skill level 1 in Evocations
  8149 | D:9      | Killed a brown ugly thing
  8377 | D:9      | Noticed a death yak
  8381 | D:9      | Found a staircase to the Lair.
  8381 | D:9      | Noticed a death yak
  8381 | D:9      | Noticed a death yak
  8385 | D:9      | Killed a death yak
  8385 | D:9      | Noticed a death yak
  8385 | D:9      | Noticed a death yak
  8386 | D:9      | Noticed a death yak
  8386 | D:9      | Noticed a death yak
  8386 | D:9      | Noticed a two-headed ogre
  8390 | D:9      | Noticed a wizard
  8391 | D:9      | Killed a death yak
  8395 | D:9      | Killed a death yak
  8399 | D:9      | Killed a death yak
  8404 | D:9      | Killed a death yak
  8407 | D:9      | Killed a two-headed ogre
  8416 | D:9      | HP: 4/105 [death yak (13)]
  8418 | D:9      | Demolished by a death yak

Illustrated notes

Levels and vault maps discovered:
D:1:      elethiomel_arrival_infinity_welcomes_careful_drivers,
          layout_loops_corners
D:2:      layout_rooms, st_stairs_12
D:3:      layout_basic, basic_ecumenical_altar, serial_bayou_lagoon_a
D:4:      layout_loops_cross, mainiacjoe_overflow_large_starburst,
          gammafunk_temple_overflow_forgotten
D:5:      layout_rooms, kennysheep_generic_room_9
D:6:      layout_layer_cave, nemelex_spade_bored_becter,
          minmay_temple_entry_gardened_gates, ebering_ghost_sewer_f,
          chequers_serial_rivers_micro_a
D:7:      minmay_the_grid_plus [minmay_the_grid_expand,
          minmay_the_grid_outer_circle, minmay_the_grid_garden,
          minmay_the_grid_pillar_ring, minmay_the_grid_prize_inner_circle],
          layout_loops_ring, nicolae_yredelemnul_corpse_copse,
          minmay_ruined_shrine
D:8:      layout_rooms
D:9:      layout_roguey, dpeg_lair_monsters, grunt_tough_drop, uniq_maurice

Skill      XL: |  1  2  3  4  5  6  7  8  9 10 11 |
---------------+----------------------------------+-----
Axes           | 4 5 |  5.4
Fighting       | 4 5 6 7 9 11 12 | 12.4
Armour         | 3 4 5 |  5.0
Throwing       | 1 2 3 |  3.0
Dodging        | 3 4 6 8 10 11 | 11.1
Staves         | 1 3 4 6 9 10 12 | 12.6
Evocations     | 3 |  3.1

Action                   |  1- 3 |  4- 6 |  7- 9 | 10-12 || total
-------------------------+-------+-------+-------+-------++-------
Melee: Hand axe          |    78 |    69 |       |       ||   147
       Headbutt          |     9 |    13 |    26 |    43 ||    91
       Punch             |     1 |       |       |       ||     1
       Quarterstaff      |       |    35 |   173 |   203 ||   411
       Kick              |       |       |    40 |    46 ||    86
Throw: Dart              |     5 |       |     1 |       ||     6
       Boomerang         |       |     1 |    18 |     8 ||    27
Invok: Berserk           |     1 |     2 |     1 |     5 ||     9
       Trog's Hand       |       |       |     1 |     3 ||     4
       Brothers in Arms  |       |       |       |     2 ||     2
  Use: Potion            |     4 |       |     2 |     4 ||    10
       Scroll            |       |       |     6 |     2 ||     8
Armor: Ring mail         |    24 |    27 |    21 |     1 ||    73
       Chain mail        |       |     2 |       |       ||     2
       Scale mail        |       |       |       |    69 ||    69
Dodge: Dodged            |    52 |    50 |   124 |   162 ||   388

Table legend: (Time is in decaauts)
 A = Elapsed time spent in this place.
 B = Non-inter-level travel time spent in this place.
 C = Inter-level travel time spent in this place.
 D = Time resting spent in this place.
 E = Time spent auto-exploring this place.
 F = Levels seen in this place.
 G = Mean time per level.
                   A        B        C        D        E       F      G
               +--------+--------+--------+--------+--------+-----+--------+
         Total |   8486 |   7988 |    498 |   1423 |   4594 |   9 |  942.9 |
       Dungeon |   8486 |   7988 |    498 |   1423 |   4594 |   9 |  942.9 |
               +--------+--------+--------+--------+--------+-----+--------+

Top non-repeatable levels by time:
     D:1: 1801 daAuts
     D:6: 1526 daAuts
     D:7: 986 daAuts
     D:3: 933 daAuts
     D:2: 916 daAuts
     D:4: 657 daAuts
     D:5: 604 daAuts
     D:9: 552 daAuts
     D:8: 509 daAuts
